[Event "Team 45 45 League T29"]
[Site "Internet Chess Club"]
[Date "2006.01.03"]
[Round "2"]
[White "BraafPaard"]
[Black "jacknor"]
[Result "0-1"]
[WhiteElo "1491"]
[BlackElo "1605"]
[TimeControl "2700+45"]

1. e4 e6 2. d4 d5 3. exd5 exd5 4. c4 Nf6 5. Bg5 Be7 6. Nc3 c6 7. Nf3 Bg4 8. Be2
O-O 9. c5 h6 10. Bf4 Nh5 11. Be3 Nd7 12. h3 Bxf3 13. Bxf3 Nhf6 14. O-O Nh7 15.
Re1 Ng5 16. Bf4 Ne6 17. Be3 Bg5 18. b4 Nf6 19. Qd2 Qc7 20. Bxg5 Nxg5 21. Bg4
Nxg4 22. hxg4 Qd7 23. Qf4 f5 24. gxf5 Rxf5 25. Qd2 Raf8 26. Rf1 Qf7 27. Rae1
Nf3+ 28. gxf3 Qg6+ {White resigns} 0-1  aics%

[Event "Team 45 45 League T29"]
[Site "Internet Chess Club"]
[Date "2005.12.26"]
[Round "2"]
[White "EyeAm"]
[Black "john-beebs"]
[Result "1/2-1/2"]
[WhiteElo "1326"]
[BlackElo "1518"]
[TimeControl "2700+45"]

1. e4 e5 2. Nf3 Nc6 3. Bc4 Nf6 4. Ng5 d5 5. exd5 Na5 6. Bb5+ c6 7. dxc6 bxc6 8.
Be2 Be7 9. d3 O-O 10. O-O c5 11. c4 Rb8 12. b3 Nc6 13. Bb2 Nd4 14. Nd2 Nd7 15.
Ngf3 Re8 16. Re1 Bb7 17. Nxd4 exd4 18. Bf3 Bg5 19. Rxe8+ Qxe8 20. Ne4 Bf4 21.
Ba3 Qe5 22. g3 Bg5 23. Nxg5 Qxg5 24. Bxb7 Rxb7 25. Bc1 Qg6 26. Bf4 Rb6 27. Qf3
h6 28. Qa8+ Kh7 29. Qxa7 Qe6 30. Qa5 Ra6 31. Qd2 Qg6 32. Re1 Rf6 33. Be5 Rf3 34.
Re4 Nxe5 35. Rxe5 Rxd3 36. Qe1 Rc3 37. Rxc5 Rc2 38. a4 Rb2 39. Rd5 Rb1 40. Qxb1
Qxb1+ 41. Kg2 Qxb3 42. Rxd4 Qxa4 43. Kf3 Qa8+ 44. Ke3 f6 45. Rd5 Qa3+ 46. Kd4
Qb2+ 47. Kd3 Qxf2 48. c5 Qxh2 49. c6 Qxg3+ 50. Kc4 Qf4+ 51. Kc5 Qe3+ 52. Kd6
Qa3+ 53. Kd7 Qa4 54. Kd6 Qb4+ 55. Kd7 {Game drawn by mutual agreement} 1/2-1/2 
aics%

[Event "Team 45 45 League T29"]
[Site "Internet Chess Club"]
[Date "2005.12.28"]
[Round "2"]
[White "room-matt"]
[Black "ElmerHo"]
[Result "1-0"]
[WhiteElo "1876"]
[BlackElo "1673"]
[TimeControl "2700+45"]

1. e4 c5 2. Nf3 Nc6 3. d4 cxd4 4. Nxd4 Nf6 5. Nc3 e5 6. Ndb5 d6 7. Bg5 a6 8. Na3
b5 9. Nd5 Be7 10. Nxe7 Nxe7 11. Bd3 Bb7 12. Qf3 Nd7 13. O-O O-O 14. Rad1 f6 15.
Be3 Qc7 16. Qg3 Nc5 17. Bxc5 dxc5 18. c4 b4 19. Nc2 Rad8 20. Ne3 Rd7 21. Nd5
Nxd5 22. exd5 g6 23. f4 exf4 24. Rxf4 Qe5 25. Qf2 f5 26. Re1 Qc7 27. Qg3 Rdf7
28. Ref1 Kh8 29. Qg5 Bc8 30. R1f3 Qe5 31. Rf2 Qf6 32. Qg3 Qg7 33. Qe3 g5 34.
R4f3 Qd4 35. Qxg5 Rg7 36. Qh5 Rfg8 37. Bf1 Rg5 38. Qh6 Qg4 39. Qh3 Qxh3 40. Rxh3
f4 41. Rh4 Rg4 42. Rxf4 R4g6 43. Rf7 R6g7 44. Rhf4 Rxf7 45. Rxf7 Re8 46. Bd3 Kg8
47. Rxh7 {Black resigns} 1-0  aics%

[Event "Team 45 45 League T29"]
[Site "Internet Chess Club"]
[Date "2005.12.27"]
[Round "2"]
[White "GolferBob"]
[Black "Rainbird"]
[Result "1/2-1/2"]
[WhiteElo "1617"]
[BlackElo "1601"]
[TimeControl "2700+45"]

1. d4 Nf6 2. Nf3 d5 3. Bf4 c5 4. e3 Nc6 5. c3 Qb6 6. Qb3 c4 7. Qc2 g6 8. Nbd2
Bf5 9. Qc1 Nh5 10. Be5 Bg7 11. Bxg7 Nxg7 12. Nh4 Bd7 13. e4 e6 14. e5 a5 15. Be2
Qd8 16. Nhf3 b5 17. O-O O-O 18. a3 b4 19. axb4 axb4 20. Rxa8 Qxa8 21. Qa1 b3 22.
Rd1 Qa7 23. Qxa7 Nxa7 24. Ra1 Ra8 25. Nf1 Bc6 26. Ne3 Nc8 27. Rxa8 Bxa8 28. Nd1
Nb6 29. Nd2 Ne8 30. Nb1 Nc7 31. f4 Nb5 32. Kf2 Bc6 33. Ke3 h6 34. h3 Be8 35. g4
g5 36. f5 exf5 37. gxf5 Bd7 38. Bg4 h5 39. Bxh5 Bxf5 40. Nd2 Bxh3 41. Nf3 g4 42.
Ng5 Nc7 43. Nxh3 gxh3 44. Kf3 Ne6 45. Kg3 Na4 46. Bg4 Kf8 47. Bxh3 Ke7 48. Bg2
Nc7 49. Kf2 f6 50. exf6+ Kxf6 51. Ke2 Ne6 52. Kd2 Nf4 53. Bh1 Ke6 54. Kc1 Kd6
55. Bf3 Nd3+ 56. Kb1 Nf4 57. Bg4 Nb6 58. Bf5 Na8 59. Kc1 Nc7 60. Kd2 Nb5 61. Bh7
Ne6 62. Kc1 Nexd4 63. cxd4 Nxd4 64. Nc3 Nf3 65. Bg8 d4 66. Bxc4 dxc3 {Game drawn
by mutual agreement} 1/2-1/2  aics%

[Event "Team 45 45 League T29"]
[Site "Internet Chess Club"]
[Date "2005.12.23"]
[Round "2"]
[White "clarinetref"]
[Black "Bowlomeat"]
[Result "0-1"]
[WhiteElo "1548"]
[BlackElo "1615"]
[TimeControl "2700+45"]

1. Nf3 Nf6 2. g3 d5 3. b3 e6 4. c4 Be7 5. Bg2 O-O 6. O-O b6 7. Bb2 Bb7 8. d3
Nbd7 9. Nbd2 c5 10. Rc1 Re8 11. Rc2 Rc8 12. cxd5 Nxd5 13. a3 Bf6 14. Nc4 Bxb2
15. Rxb2 N7f6 16. Qd2 b5 17. Na5 Ba6 18. Rc1 Qb6 19. b4 cxb4 20. axb4 Rxc1+ 21.
Qxc1 Rc8 22. Qd2 Nc3 23. Nb3 Na4 24. Rc2 Rxc2 25. Qxc2 Nd5 26. Qd2 Qd6 27. Nc5
Nxc5 28. bxc5 Qxc5 29. Qa5 Qd6 30. Nd4 Nc7 31. Nb3 h6 32. d4 b4 33. e3 Bc4 34.
Qa4 Bxb3 35. Qxb3 a5 36. Be4 g6 37. Qa4 Qb6 38. Bc2 Nd5 39. e4 Nc3 40. Qe8+ Kg7
41. d5 b3 42. Bd3 b2 43. dxe6 Qxe6 44. Qb8 a4 45. Qb4 Qe5 46. Kg2 a3 47. f4 Qf6
48. Kf2 Nd1+ 49. Ke2 a2 50. e5 Qc6 51. Be4 Nc3+ 52. Kd3 Nxe4 53. Qd4 Qc3+ 54.
Qxc3 Nxc3 55. Kxc3 b1=Q {White resigns} 0-1  aics%

[Event "Team 45 45 League T29"]
[Site "Internet Chess Club"]
[Date "2005.12.22"]
[Round "2"]
[White "one-over"]
[Black "Just-Jim"]
[Result "1-0"]
[WhiteElo "1475"]
[BlackElo "1506"]
[TimeControl "2700+45"]

1. e4 e5 2. Nf3 Nc6 3. Nc3 Bc5 4. Nxe5 Nxe5 5. d4 Bb4 6. dxe5 Bxc3+ 7. bxc3 d6
8. exd6 cxd6 9. Ba3 Nf6 10. Qxd6 Qxd6 11. Bxd6 Nxe4 12. Bb4 Bd7 13. Bd3 Nf6 14.
O-O O-O-O 15. Be7 Rde8 16. Bxf6 gxf6 17. Rfe1 Rxe1+ 18. Rxe1 Rg8 19. g3 Be6 20.
a3 Rg4 21. f4 Rg8 22. Bxh7 Rd8 23. Bd3 f5 24. Kf2 Kc7 25. Re5 b6 26. Bxf5 Bxf5
27. Rxf5 Rd2+ 28. Kg1 Rxc2 29. Rxf7+ Kb8 30. Rf8+ Kb7 31. Rf7+ Ka6 32. f5 Rxc3
33. f6 Rf3 34. Kg2 Rxa3 35. Rd7 Ra5 36. f7 Rf5 37. g4 Rf6 38. g5 Rg6 39. f8=Q
Rxg5+ 40. Kf2 Ra5 41. Qc8+ Kb5 42. Rd5+ Ka4 43. Rxa5+ bxa5 44. Qd7+ Kb4 45. Qxa7
a4 46. Qb6+ Kc3 47. h4 a3 48. Qc5+ Kb3 49. Qb5+ Kc2 50. Qc4+ Kb2 51. Qb4+ Ka2
52. h5 {Black resigns} 1-0  aics%

[Event "Team 45 45 League T29"]
[Site "Internet Chess Club"]
[Date "2005.12.28"]
[Round "2"]
[White "Bort"]
[Black "alexcolins"]
[Result "0-1"]
[WhiteElo "1904"]
[BlackElo "1767"]
[TimeControl "2700+45"]

1. d4 Nf6 2. c4 e6 3. Nf3 b6 4. e3 Bb7 5. Bd3 Be7 6. O-O c5 7. Nc3 cxd4 8. exd4
O-O 9. d5 exd5 10. cxd5 Bb4 11. Bg5 h6 12. Bh4 g5 13. Nxg5 Bxc3 14. bxc3 hxg5
15. Bxg5 Kg7 16. Qf3 Bxd5 17. Bxf6+ Qxf6 18. Qxd5 Nc6 19. Qxd7 Ne5 20. Qh3 Rh8
21. Qf5 Qd6 22. Qg5+ Kf8 23. Qg3 Nf3+ 24. gxf3 Rg8 {White resigns} 0-1  aics%

[Event "Team 45 45 League T29"]
[Site "Internet Chess Club"]
[Date "2005.12.30"]
[Round "2"]
[White "azbycx"]
[Black "trivialpursuit"]
[Result "1/2-1/2"]
[WhiteElo "1847"]
[BlackElo "1908"]
[TimeControl "2700+45"]

1. d4 Nf6 2. c4 g6 3. Nc3 Bg7 4. e4 d6 5. f3 Nc6 6. Be3 a6 7. Qd2 O-O 8. g4 e5
9. d5 Nd4 10. Nce2 c5 11. dxc6 Nxc6 12. Rd1 Qa5 13. Qxa5 Nxa5 14. Nc3 Be6 15. b3
Nc6 16. Rxd6 Ne8 17. Rd1 f5 18. g5 Rd8 19. Rxd8 Nxd8 20. Bd3 Nc6 21. Nge2 Nd4
22. O-O f4 23. Bc1 Bh3 24. Rf2 Nc7 25. Nxd4 exd4 26. Nd5 Ne6 27. Bf1 Nxg5 28.
Nxf4 Bxf1 29. Kxf1 Kf7 30. Nd5 Ne6 31. Ke2 Rd8 32. b4 h6 33. f4 Rc8 34. Kd3 h5
35. f5 gxf5 36. Rxf5+ Ke8 37. Nf6+ Bxf6 38. Rxf6 Ke7 39. Rh6 Rf8 40. Ke2 Rg8 41.
Rxh5 Rg2+ 42. Kf3 Rc2 43. Bg5+ Nxg5+ 44. Rxg5 Rxh2 45. Rd5 Rh3+ 46. Ke2 Re3+ 47.
Kd2 Rxe4 48. Kd3 Re1 49. Kxd4 Ra1 50. Ra5 Kd6 51. a4 Rd1+ 52. Kc3 Rc1+ 53. Kd3
Rd1+ 54. Kc2 Rd4 55. Kc3 Rd1 {Game drawn by mutual agreement} 1/2-1/2  aics%

[Event "Team 45 45 League T29"]
[Site "Internet Chess Club"]
[Date "2005.12.27"]
[Round "2"]
[White "forketta"]
[Black "deathmage"]
[Result "1-0"]
[WhiteElo "1911"]
[BlackElo "1717"]
[TimeControl "2700+45"]

1. d4 Nf6 2. c4 e6 3. Nc3 Bb4 4. Qc2 d5 5. cxd5 exd5 6. Bg5 h6 7. Bh4 c5 8. dxc5
g5 9. Bg3 Ne4 10. e3 Qa5 11. Ne2 Bf5 12. Be5 O-O 13. Nd4 Bd7 14. Nb3 Bxc3+ 15.
Bxc3 Qc7 16. Bd3 Nxc3 17. Qxc3 Ba4 18. Qf6 Qc6 19. Qf5 Re8 20. h4 d4 21. Nxd4
Qxg2 22. Qh7+ Kf8 23. Qxh6+ Ke7 24. Qxg5+ Qxg5 25. hxg5 Nd7 26. Nf5+ Kd8 27. Ke2
Nxc5 28. Bc4 Rf8 29. b3 Be8 30. Rad1+ Kc7 31. Nd6 Bd7 32. Nxf7 Bg4+ 33. f3 Ne4
34. fxg4 Nc3+ 35. Kf3 Nxd1 36. Rxd1 b5 37. Bd5 Rad8 38. g6 Rb8 39. Kf4 Rg8 40.
Kg5 Rb6 41. Ne5 Rg7 42. Bf7 Rf6 {Black resigns} 1-0  aics%

[Event "Team 45 45 League T29"]
[Site "Internet Chess Club"]
[Date "2005.12.28"]
[Round "2"]
[White "Gregorio"]
[Black "onslaught"]
[Result "0-1"]
[WhiteElo "2039"]
[BlackElo "2201"]
[TimeControl "2700+45"]

1. e4 e6 2. d4 d5 3. exd5 exd5 4. Bd3 Nc6 5. c3 Bd6 6. Ne2 Qh4 7. Nd2 Bg4 8. Qb3
O-O-O 9. Nf1 Nge7 10. Nfg3 Rhe8 11. Qc2 g6 12. Be3 h5 13. O-O-O Qf6 14. h3 Bd7
15. h4 Bg4 16. f3 Bd7 17. Bg5 Qg7 18. Qd2 f6 19. Bf4 Na5 20. Bxd6 cxd6 21. b3
Kb8 22. Kb1 Qf7 23. Rhe1 Rc8 24. Qf4 Rc6 25. Bb5 Rc7 26. Bxd7 Rxd7 27. Nc1 Rc8
28. Re3 Qg7 29. Rde1 g5 30. Rxe7 gxf4 31. Rxg7 Rxg7 32. Nxh5 Rxg2 33. Nxf4 Rh2
34. Nxd5 Rxh4 35. Nd3 Rh3 36. Ne7 Rxc3 37. Nf4 Rh2 38. Nfd5 Rcc2 39. Nb4 Rb2+
40. Ka1 Nc4 41. bxc4 Rxb4 42. c5 Rxd4 43. c6 Rdd2 {White resigns} 0-1  aics%

[Event "Team 45 45 League T29"]
[Site "Internet Chess Club"]
[Date "2006.01.02"]
[Round "2"]
[White "fledermaus"]
[Black "baumhauer"]
[Result "0-1"]
[WhiteElo "2007"]
[BlackElo "1875"]
[TimeControl "2700+45"]

1. d4 Nf6 2. c4 g6 3. Nc3 d5 4. cxd5 Nxd5 5. Bd2 Nb6 6. Bg5 Bg7 7. e3 O-O 8. Be2
Nc6 9. Nf3 h6 10. Bh4 Be6 11. O-O f5 12. Rc1 a6 13. Qc2 Qe8 14. Rfd1 Qf7 15. Qb1
Rad8 16. b3 Rd7 17. Bg3 g5 18. Bxc7 Rxc7 19. d5 Bd7 20. dxc6 Rxc6 21. Na4 Nxa4
22. bxa4 Rxc1 23. Rxc1 Bc6 24. Nd4 Bd5 25. Rc5 e5 26. Nxf5 Be6 27. Nxg7 Qxf2+
28. Kh1 Qxe2 29. Rc1 Kxg7 30. h3 Bd5 31. Rc7+ Kf6 32. Qb6+ Bc6 33. Rxc6+ bxc6
34. Qxc6+ Kg7 35. Qc7+ Kg6 36. Qc6+ Kh5 {White resigns} 0-1  aics%

[Event "Team 45 45 League T29"]
[Site "Internet Chess Club"]
[Date "2005.12.26"]
[Round "2"]
[White "DavidBarnsley"]
[Black "nightly"]
[Result "1/2-1/2"]
[WhiteElo "1987"]
[BlackElo "1875"]
[TimeControl "2700+45"]

1. d4 d5 2. Nc3 Nf6 3. Bg5 e6 4. e4 dxe4 5. Nxe4 Be7 6. Bxf6 Bxf6 7. Nf3 b6 8.
Qd2 Bb7 9. Bd3 Nd7 10. O-O-O Qe7 11. h4 a5 12. Kb1 g6 13. c4 Bg7 14. Rhe1 O-O
15. h5 Nf6 16. hxg6 hxg6 17. Qf4 Rfd8 18. Neg5 Nh5 19. Qh4 Bxf3 20. Bxg6 fxg6
21. Rxe6 Qxe6 22. Nxe6 Bxd1 23. Nxd8 Bf6 24. Qh1 Rxd8 25. Qxd1 Rxd4 26. Qf3 Kg7
27. g4 Nf4 28. Qe3 g5 29. b3 {Game drawn by mutual agreement} 1/2-1/2  aics%

[Event "Team 45 45 League T29"]
[Site "Internet Chess Club"]
[Date "2005.12.27"]
[Round "2"]
[White "Rlopez"]
[Black "buzzard"]
[Result "1-0"]
[WhiteElo "1772"]
[BlackElo "1710"]
[TimeControl "2700+45"]

1. d4 d5 2. c4 c5 3. cxd5 Qxd5 4. dxc5 Qxd1+ 5. Kxd1 Na6 6. c6 bxc6 7. Nf3 Bb7
8. Nc3 e6 9. e3 Nf6 10. Bc4 Nb4 11. a3 Nbd5 12. Bd2 Bd6 13. Ke2 O-O 14. Ng5 h6
15. Nge4 Nxc3+ 16. Nxc3 Rab8 17. Rab1 a6 18. f3 Rfd8 19. e4 Nd7 20. Be3 Ne5 21.
Ba2 a5 22. Rhd1 Ba6+ 23. Kf2 Nd3+ 24. Kg1 Nxb2 25. Rd2 Bxa3 26. Rxd8+ Rxd8 27.
Bb6 Ra8 28. Nd1 Nxd1 29. Rxd1 Bb5 30. f4 c5 31. e5 c4 32. Rb1 Bb4 33. Kf2 Rb8
34. Bd4 Rd8 35. Ke3 c3 36. Rc1 g6 37. g4 Rc8 38. f5 gxf5 39. gxf5 exf5 40. Rg1+
Kf8 41. e6 Bc5 42. exf7 Bxd4+ 43. Kxd4 Ke7 44. Rg8 Rf8 45. Rg2 Bd7 46. Kxc3 Be6
47. Re2 Rxf7 48. Rxe6+ Kf8 49. Rxh6 Rc7+ 50. Kd4 Rc2 51. Be6 a4 52. Bxf5 Rc1 53.
Ra6 Rf1 54. Bd3 Rf2 55. h3 Rf3 56. Rh6 Kg7 57. Rh4 a3 58. Bc4 Rf2 59. Rg4+ Kh6
60. Rg3 a2 61. Ra3 Rf4+ 62. Kd5 Kh5 63. Rxa2 Kh4 64. Ra3 Rf2 65. Ke5 Rf7 {Black
resigns} 1-0  aics%

[Event "Team 45 45 League T29"]
[Site "Internet Chess Club"]
[Date "2005.12.27"]
[Round "2"]
[White "Chessnut"]
[Black "hondocando"]
[Result "1/2-1/2"]
[WhiteElo "1750"]
[BlackElo "1619"]
[TimeControl "2700+45"]

1. e4 c5 2. Nf3 d6 3. d4 cxd4 4. Nxd4 Nf6 5. Nc3 a6 6. Be3 Ng4 7. Bd2 Qb6 8. Bc1
Nc6 9. f3 Qxd4 10. fxg4 Qxd1+ 11. Kxd1 Bxg4+ 12. Be2 Bxe2+ 13. Kxe2 Rc8 14. Be3
g6 15. Nd5 Bg7 16. c3 b5 17. Rac1 O-O 18. Kd3 Ne5+ 19. Ke2 Rfe8 20. h3 e6 21.
Nb4 a5 22. Nd3 Nc4 23. Rcd1 Nxe3 24. Kxe3 f5 25. exf5 gxf5 26. Rhe1 e5 27. Kf2
f4 28. Kf3 h5 29. Nf2 Rc6 30. Rd5 b4 31. cxb4 axb4 32. b3 Bf6 33. Red1 Rc3+ 34.
R1d3 Rxd3+ 35. Rxd3 Rd8 36. Rd5 Be7 37. Nd3 Rb8 38. Ke4 Kg7 39. Kf5 Kf7 40. Nf2
Ra8 41. Rd2 Rg8 42. Ne4 d5 43. Rxd5 Rxg2 44. Rxe5 f3 45. Rd5 f2 46. Rd1 Rh2 47.
Rf1 Bh4 48. Ng5+ Kg7 49. Nf3 Rxh3 50. Nxh4 Rxh4 51. Rxf2 Kh6 52. Rg2 Rh1 53.
Rg6+ Kh7 54. Rg2 Kh6 55. Rg6+ Kh7 56. Rg2 h4 57. Kg4 Kg6 58. Kf4+ Kf6 59. Rg4
Rd1 60. Kf3 Rd3+ 61. Ke2 Rh3 62. Rxb4 Kg5 63. a4 Rg3 64. Kf2 Rc3 65. Kg2 Rc2+
66. Kh3 Rc3+ 67. Kh2 Rc2+ 68. Kh3 Rc3+ 69. Kh2 Rc2+ 70. Kh3 Rc3+ 71. Kh2 {Game
drawn by repetition} 1/2-1/2  aics%

[Event "Team 45 45 League T29"]
[Site "Internet Chess Club"]
[Date "2005.12.26"]
[Round "2"]
[White "David-Carioca"]
[Black "RingLord"]
[Result "0-1"]
[WhiteElo "1547"]
[BlackElo "1673"]
[TimeControl "2700+45"]

1. d4 d5 2. c4 e5 3. dxe5 d4 4. Nf3 Nc6 5. e3 Bb4+ 6. Bd2 dxe3 7. fxe3 Bg4 8.
Be2 Qd7 9. Bxb4 Qxd1+ 10. Bxd1 Nxb4 11. Na3 Nd3+ 12. Ke2 Nxe5 13. Nb5 O-O-O 14.
Nxa7+ Kb8 15. Nb5 Nxc4 16. b3 Nd6 17. Nd4 c5 18. Nc2 Nf6 19. h3 Bd7 20. Na3 Rhe8
21. Bc2 Nde4 22. Nc4 Nc3+ 23. Kd2 Nfe4+ 24. Bxe4 Nxe4+ 25. Kc2 Nf2 26. Rhf1 Bf5+
27. Kc3 Ne4+ 28. Kb2 Be6 29. Rac1 f6 30. g4 Bd5 31. Nfd2 Nxd2 32. Nxd2 Rxe3 33.
Nc4 Rxh3 34. Rcd1 Rh2+ 35. Ka3 Kc7 36. Rf5 Ra8+ {White resigns} 0-1  aics%

[Event "Team 45 45 League T29"]
[Site "Internet Chess Club"]
[Date "2005.12.31"]
[Round "2"]
[White "Gandalf"]
[Black "DTK"]
[Result "0-1"]
[WhiteElo "1906"]
[BlackElo "2127"]
[TimeControl "2700+45"]

1. d4 Nf6 2. Nf3 c5 3. d5 d6 4. c4 g6 5. Nc3 Bg7 6. e4 O-O 7. Bd3 e6 8. O-O exd5
9. cxd5 Bg4 10. h3 Bxf3 11. Qxf3 Nbd7 12. Bf4 Qe7 13. Qe2 a6 14. a4 Ne5 15. Bh2
Nxd3 16. Qxd3 Nd7 17. Rae1 Bd4 18. Kh1 Ne5 19. Qe2 Rfe8 20. f4 Nd7 21. Qf3 f5
22. Qg3 Qf7 23. exf5 Qxf5 24. Qf3 Rab8 25. g4 Qf7 26. f5 Rxe1 27. Rxe1 Ne5 28.
Bxe5 Bxe5 29. Ne4 b6 30. Ng5 Qf6 31. h4 h6 32. Ne6 Qxh4+ 33. Kg2 Qxe1 34. fxg6
Qd2+ 35. Kh3 Qh2# {White checkmated} 0-1  aics%

[Event "Team 45 45 League T29"]
[Site "Internet Chess Club"]
[Date "2005.12.27"]
[Round "2"]
[White "tourettes"]
[Black "RD1974"]
[Result "1-0"]
[WhiteElo "1830"]
[BlackElo "1664"]
[TimeControl "2700+45"]

1. e4 c5 2. Nc3 e6 3. g3 d5 4. exd5 exd5 5. Bg2 Nf6 6. d4 cxd4 7. Qxd4 Nc6 8.
Qd1 d4 9. Nce2 Bc5 10. Nf3 Bf5 11. a3 Qb6 12. b4 Be7 13. O-O Rd8 14. Bb2 d3 15.
cxd3 Rxd3 16. Qa4 O-O 17. b5 Be4 18. Ned4 Bc5 19. Nxc6 bxc6 20. Bxf6 Bxf3 21.
Bxf3 Rxf3 22. Bxg7 Rxf2 23. Rxf2 Bxf2+ 24. Kg2 Kxg7 25. Qg4+ Kh8 26. Rf1 Bd4 27.
Rf4 c5 28. a4 Qg6 29. Qe2 Qe6 30. Qc2 Qe3 31. Rh4 Qg1+ 32. Kh3 Qf1+ 33. Kg4 f5+
34. Kh5 Qf3+ 35. g4 Bf2 36. Qb2+ Kg8 37. Qa2+ Kg7 38. Qd2 Bxh4 39. Qh6+ Kh8 40.
Qxf8# {Black checkmated} 1-0  aics%

[Event "Team 45 45 League T29"]
[Site "Internet Chess Club"]
[Date "2005.12.22"]
[Round "2"]
[White "Stav"]
[Black "kingfischer57"]
[Result "1/2-1/2"]
[WhiteElo "1658"]
[BlackElo "1786"]
[TimeControl "2700+45"]

1. f4 d5 2. d4 Nf6 3. Nf3 g6 4. e3 Bg7 5. Bd3 O-O 6. O-O Nc6 7. c3 a6 8. Bd2 Bd7
9. Be1 b5 10. a3 Na5 11. Nbd2 Nc4 12. Nxc4 bxc4 13. Bc2 Rb8 14. Rb1 c6 15. Bh4
Qc8 16. Bxf6 Bxf6 17. Ne5 Be6 18. b4 Qc7 19. Ba4 Bd7 20. Nxd7 Qxd7 21. Qf3 e6
22. g4 Bg7 23. g5 f5 24. h4 Rf7 25. Rf2 Bf8 26. Rh2 a5 27. h5 axb4 28. hxg6 hxg6
29. axb4 Rb6 30. Qh3 Rh7 31. Qxh7+ Qxh7 32. Rxh7 Kxh7 33. Kf1 Ra6 34. Ra1 Kg7
35. Ke2 {Game drawn by mutual agreement} 1/2-1/2  aics%

[Event "Team 45 45 League T29"]
[Site "Internet Chess Club"]
[Date "2005.12.23"]
[Round "2"]
[White "gessie7"]
[Black "Rainbird"]
[Result "1-0"]
[WhiteElo "1451"]
[BlackElo "1600"]
[TimeControl "2700+45"]

1. e4 c6 2. Nf3 d5 3. e5 Bg4 4. h3 Bxf3 5. Qxf3 e6 6. d4 Ne7 7. Bd3 c5 8. dxc5
Qa5+ 9. Bd2 Qxc5 10. Nc3 Ng6 11. Bxg6 hxg6 12. O-O-O Nc6 13. Ne2 Nxe5 14. Qb3
Qb6 15. Qa4+ Qc6 16. Qd4 Nc4 17. Bc3 Rh7 18. Rhe1 Be7 19. g3 Bf6 20. Qg4 Bxc3
21. Nxc3 Qb6 22. b3 Nd6 23. Nxd5 Qc6 24. Rxe6+ fxe6 25. Qxe6+ Kf8 26. Ne7 {Black
resigns} 1-0  aics%

[Event "Team 45 45 League T29"]
[Site "Internet Chess Club"]
[Date "2005.12.24"]
[Round "2"]
[White "houthakker"]
[Black "trevor21"]
[Result "0-1"]
[WhiteElo "1962"]
[BlackElo "2070"]
[TimeControl "2700+45"]

1. e4 e6 2. d4 d5 3. Nd2 Nf6 4. e5 Nfd7 5. Bd3 c5 6. c3 Nc6 7. Ne2 cxd4 8. cxd4
f6 9. Nf4 Nxd4 10. Qh5+ Ke7 11. Ng6+ hxg6 12. exf6+ Nxf6 13. Qxh8 Kf7 14. O-O e5
15. f3 Qb6 16. Kh1 Bf5 17. Bb1 Rc8 18. Qh4 Bb4 19. Nb3 Qb5 20. Rd1 Qe2 21. Rg1
Nxb3 22. axb3 Bc5 23. Bxf5 Bxg1 24. Bxg6+ Kxg6 25. Bg5 Bf2 26. Qh3 Be1 27. g4
Rc2 28. Bxf6 Kxf6 29. Ra4 Bf2 30. g5+ Ke7 31. Ra1 Be3 32. g6 Rd2 33. Qh4+ Ke6
34. Qg4+ Kf6 35. Qh4+ Bg5 36. Qg3 Bf4 37. Qh4+ Ke6 {White resigns} 0-1  aics%

[Event "Team 45 45 League T29"]
[Site "Internet Chess Club"]
[Date "2005.12.31"]
[Round "2"]
[White "adingod"]
[Black "Sergio56"]
[Result "0-1"]
[WhiteElo "2028"]
[BlackElo "1902"]
[TimeControl "2700+45"]

1. d4 Nf6 2. Nf3 g6 3. Bg5 Bg7 4. Nbd2 d5 5. e3 O-O 6. Bd3 Nbd7 7. O-O c5 8. c3
Re8 9. Qe2 e5 10. dxe5 Nxe5 11. Nxe5 Rxe5 12. Nf3 Bg4 13. h3 Bxf3 14. Qxf3 Rxg5
{White resigns} 0-1  aics%

[Event "Team 45 45 League T29"]
[Site "Internet Chess Club"]
[Date "2005.12.29"]
[Round "2"]
[White "Egmont"]
[Black "Wevey"]
[Result "0-1"]
[WhiteElo "1680"]
[BlackElo "1901"]
[TimeControl "2700+45"]

1. e4 c5 2. Nf3 d6 3. d4 cxd4 4. Nxd4 Nf6 5. Nc3 g6 6. f4 Nc6 7. Nxc6 bxc6 8. e5
Nd7 9. exd6 exd6 10. Qf3 d5 11. Bd3 Bg7 12. Qe2+ Qe7 13. Qxe7+ Kxe7 14. Bd2 Nc5
15. Be2 Bf5 16. O-O Bxc2 17. Rac1 Bf5 18. Nxd5+ cxd5 19. Rxc5 Bd4+ {White
resigns} 0-1  aics%

[Event "Team 45 45 League T29"]
[Site "Internet Chess Club"]
[Date "2005.12.29"]
[Round "2"]
[White "bobhill"]
[Black "DeLaSalle"]
[Result "1-0"]
[WhiteElo "2118"]
[BlackElo "1959"]
[TimeControl "2700+45"]

1. d4 b6 2. Nf3 Bb7 3. c4 e6 4. Bg5 Be7 5. Bxe7 Qxe7 6. Nbd2 f5 7. e3 Nf6 8. g3
O-O 9. Bg2 d6 10. O-O Nbd7 11. b4 a5 12. b5 Ne4 13. Nxe4 Bxe4 14. Nd2 Bxg2 15.
Kxg2 e5 16. a4 Rae8 17. Qb3 Kh8 18. Rad1 Qf6 19. Nb1 f4 20. exf4 exf4 21. Rd3
fxg3 22. hxg3 Qg6 23. Qd1 Qe4+ 24. f3 Qf5 25. Nc3 Nf6 26. g4 Qg6 27. Rh1 Re7 28.
Ne2 Nxg4 29. fxg4 Qxg4+ 30. Ng3 Qg6 31. Rf1 Rfe8 32. Rdf3 h5 33. Rf8+ Rxf8 34.
Rxf8+ Kh7 35. Qxh5+ Qxh5 36. Nxh5 Kg6 37. Nf4+ Kg5 38. Kf3 Re1 39. Nh3+ Kg6 40.
Rc8 Ra1 41. Ke4 Rxa4 42. Rxc7 Rb4 43. Rc6 a4 44. Rxd6+ Kh5 45. Nf4+ Kh4 46. Nd5
Rxc4 47. Rxb6 g5 48. Ra6 g4 49. b6 Rc8 50. Rxa4 g3 51. Kf3 Rf8+ 52. Nf4 Rb8 53.
Ra5 {Black resigns} 1-0  aics%

[Event "Team 45 45 League T29"]
[Site "Internet Chess Club"]
[Date "2005.12.26"]
[Round "2"]
[White "Zornorph"]
[Black "Beetlejuice"]
[Result "1-0"]
[WhiteElo "1957"]
[BlackElo "1829"]
[TimeControl "2700+45"]

1. c4 Nf6 2. Nf3 g6 3. Nc3 c5 4. g3 d5 5. cxd5 Nxd5 6. Bg2 Bg7 7. O-O O-O 8. Qb3
Nb4 9. d3 Be6 10. Qa4 Bd7 11. Qb3 Bc6 12. a3 Nd5 13. Ne4 b6 14. Bg5 h6 15. Bd2
Bb7 16. Nxc5 bxc5 17. Qxb7 Nb6 18. Bc3 Bxc3 19. bxc3 N8d7 20. c4 Re8 21. Nd2 a5
22. Rab1 e6 23. Qf3 Rb8 24. Rb5 Rc8 25. Rxa5 Ne5 26. Qf4 Nbxc4 27. Nxc4 Nxc4 28.
Ra7 Nd6 29. Qxh6 Qb6 30. Ra4 Nf5 31. Qg5 Kg7 32. Be4 Qb3 33. Ra7 Nd6 34. Qe5+
Kg8 35. Qxd6 Red8 36. Qe7 e5 37. Bxg6 {Black resigns} 1-0  aics%

[Event "Team 45 45 League T29"]
[Site "Internet Chess Club"]
[Date "2005.12.29"]
[Round "2"]
[White "camembert"]
[Black "Knight77"]
[Result "1-0"]
[WhiteElo "1892"]
[BlackElo "1823"]
[TimeControl "2700+45"]

1. d4 Nf6 2. c4 g6 3. Nc3 Bg7 4. e4 d6 5. Be2 O-O 6. Bg5 Nbd7 7. Qd2 e5 8. d5
Nc5 9. f3 a5 10. h4 c6 11. h5 Qb6 12. hxg6 fxg6 13. g4 Bd7 14. Nh3 Rf7 15. Nf2
Raf8 16. O-O-O cxd5 17. cxd5 Rc8 18. Be3 Ba4 19. Rdg1 Rfc7 20. Kb1 Qb4 21. Nxa4
Qxa4 22. Rc1 b6 23. Nd3 Qe8 24. Nxc5 bxc5 25. Qxa5 Qd8 26. Bc4 Ra8 27. Qd2 Rb7
28. Bg5 Rab8 29. Rc2 Qd7 30. Qh2 Rb4 31. Qh4 Qb7 32. Rhh2 Rf8 33. Bd2 Rb6 34.
Ba5 Ra8 35. Bxb6 Qxb6 36. Qe1 h6 37. Qe3 g5 38. Rc3 Nd7 39. Ra3 Rc8 40. Qb3 Qc7
41. Qd3 Rb8 42. Rc2 Bf6 43. Rcc3 Bd8 44. Rcb3 Nb6 45. Ra6 Qf7 46. Rba3 Rb7 47.
Rc3 Nxc4 48. Qxc4 Rb4 49. Qe2 Qb7 50. Raa3 Qd7 51. Rcb3 Rd4 52. Rb8 Rb4 53. Rxb4
cxb4 54. Rb3 Ba5 55. Qa6 Qc7 56. Qc6 Qa7 57. a3 Qc5 58. axb4 Bxb4 59. Qa8+ Kg7
60. Qb7+ Kf6 61. Qxb4 Qg1+ 62. Ka2 Qa7+ 63. Ra3 Qc7 64. Qc3 {Black resigns} 1-0 
aics%

[Event "Team 45 45 League T29"]
[Site "Internet Chess Club"]
[Date "2006.01.02"]
[Round "2"]
[White "parrot9"]
[Black "CraigCKlein"]
[Result "0-1"]
[WhiteElo "1696"]
[BlackElo "1783"]
[TimeControl "2700+45"]

1. e4 c5 2. Nf3 e6 3. d4 cxd4 4. Nxd4 a6 5. Nc3 Qc7 6. Be3 Nf6 7. a3 b5 8. Bd3
b4 9. Na4 Bb7 10. f3 d5 11. exd5 Nxd5 12. Qd2 Qe5 13. Kf2 Qxe3+ 14. Qxe3 Nxe3
15. Kxe3 Nd7 16. axb4 Bxb4 17. c3 Be7 18. f4 Nf6 19. Nb6 Rb8 20. Bxa6 Bc5 21.
Bxb7 Bxb6 22. Bc6+ Ke7 23. b4 Kd6 24. b5 Nd5+ 25. Kd2 Bxd4 26. cxd4 Nb4 27. Ra7
Nxc6 28. bxc6 Rb2+ 29. Ke3 Rhb8 30. Rxf7 R8b3+ {White resigns} 0-1  aics%